 Dungeon Crawl Stone Soup version 0.29.1-12-g30fa7ad0bf (webtiles) character file.

Game seed: 18053767620479380140

1581 fantasyman the Protected (level 8, 0/70 HPs)
             Began as a Minotaur Fighter on Dec 18, 2022.
             Was an Initiate of the Shining One.
             Slain by a polar bear (24 damage)
             ... created by the rage of Trog
             ... on level 7 of the Dungeon.
             The game lasted 00:10:01 (6579 turns).

fantasyman the Protected (Minotaur Fighter)         Turns: 6579, Time: 00:10:02

Health: 0/70       AC: 13    Str: 29    XL:     8   Next: 60%
Magic:  8/8        EV: 11    Int:  5    God:    the Shining One [......]
Gold:   299        SH:  5    Dex: 10    Spells: 8/8 levels left

rFire   + . .      SeeInvis .   a - +1 war axe
rCold   . . .      Faith    +   c - +0 buckler
rNeg    . . .      Spirit   .   u - +2 ring mail {rF+}
rPois   .          Reflect  .   (helmet restricted)
rElec   .          Harm     .   j - +2 cloak {Stlth+}
rCorr   .          Rampage  .   n - +0 pair of gloves
Will    .....                   (no boots)
Stlth   +.........              g - amulet of faith
HPRegen 0.21/turn               e - +4 ring of slaying
MPRegen 0.11/turn               v - +6 ring of strength

@: mighty, hasted, glowing, very quick
A: horns 2, retaliatory headbutt
a: Renounce Religion


You were on level 7 of the Dungeon.
You worshipped the Shining One.
The Shining One was noncommittal.
You visited 2 branches of the dungeon, and saw 8 of its levels.

You collected 331 gold pieces.
You donated 32 gold pieces to Zin.

Inventory:

Hand Weapons
 a - a +1 war axe (weapon)
Armour
 c - a +0 buckler (worn)
 j - a +2 cloak of stealth (worn)
 n - a +0 pair of gloves (worn)
 u - a +2 ring mail of fire resistance (worn)
Jewellery
 e - a +4 ring of slaying (left hand)
 g - an amulet of faith (around neck)
 i - a ring of fire
 l - a +6 ring of intelligence
 v - a +6 ring of strength (right hand)
Wands
 y - a wand of mindburst (3)
Scrolls
 f - a scroll of enchant weapon
 h - 3 scrolls of fear
 k - 12 scrolls of identify
Potions
 d - 2 potions of might
 m - 6 potions of curing
 o - a potion of brilliance
 p - a potion of flight


   Skills:
 - Level 5.9 Fighting
 - Level 1.1 Short Blades
 - Level 5.7(6.1) Axes
 - Level 2.1(4.2) Maces & Flails
 - Level 2.0(4.1) Polearms
 + Level 1.7 Ranged Weapons
 + Level 1.5 Throwing
 - Level 8.0 Armour
 - Level 2.3 Dodging
 - Level 1.9 Stealth
 - Level 5.6 Shields
 - Level 1.4 Unarmed Combat
 - Level 0.7 Spellcasting


You had 8 spell levels left.
You didn't know any spells.
Your spell library contained the following spells:

 Spells                   Type           Power      Damage    Failure   Level
 Apportation              Tloc           0%         N/A       65%         1
 Necrotise                Necr           0%         1d4       65%         1
 Summon Small Mammal      Summ           0%         N/A       65%         1
 Blink                    Tloc           0%         N/A       78%         2
 Dazzling Flash           Conj/Hex       0%         N/A       95%         3
 Lesser Beckoning         Tloc           0%         N/A       95%         3
 Agony                    Necr           0%         N/A       100%        5
 Manifold Assault         Tloc           0%         N/A       100%        5
 Silence                  Hex/Air        0%         N/A       100%        5


Dungeon Overview and Level Annotations

Branches:
Dungeon (7/15)             Temple (1/1) D:7

Altars:
Ashenzari
Cheibriados
Dithmenos
Elyvilon
Gozag
Hepliaklqana
Kikubaaqudgha
Makhleb
Nemelex Xobeh
Okawaru
Qazlal
Ru
Sif Muna
Trog
Uskayaw
Vehumet
Wu Jian
Xom
Yredelemnul
Zin
The Shining One

Shops:
D:5 *


Innate Abilities, Weirdness & Mutations

You have a pair of horns on your head.
You reflexively headbutt those who attack you in melee.


Message History

The polar bear bites you but does no damage.
The polar bear claws you but does no damage.
The polar bear claws you.
* * * LOW HITPOINT WARNING * * *
The black bear rages.
You feel very mighty all of a sudden.
The polar bear bites you but does no damage.
The polar bear claws you but does no damage. x2
The black bear bites you!
* * * LOW HITPOINT WARNING * * *
You block the black bear's attack.
The black bear claws you but does no damage.
You feel much better. The polar bear bites you!!
* * * LOW HITPOINT WARNING * * *
The polar bear closely misses you. The polar bear claws you.
* * * LOW HITPOINT WARNING * * *
The black bear bites you but does no damage.
The black bear claws you but does no damage.
The black bear claws you.
* * * LOW HITPOINT WARNING * * *
The black bear barely misses you. The black bear claws you.
* * * LOW HITPOINT WARNING * * *
The black bear claws you but does no damage.
The black bear rages.
You block the polar bear's attack. The polar bear closely misses you.
The polar bear claws you but does no damage.
You feel much better. The black bear barely misses you.
The black bear claws you. You block the black bear's attack.
The polar bear barely misses you. You block the polar bear's attack.
The polar bear claws you.
The black bear rages.
You feel yourself speed up.
The black bear rages.
The polar bear bites you but does no damage.
The polar bear barely misses you. The polar bear closely misses you.
The black bear closely misses you. The black bear barely misses you.
You block the black bear's attack. The black bear barely misses you.
The black bear claws you but does no damage.
The black bear claws you. The polar bear bites you!!
You die...

###.......#
##..........
##.........(.
##............
##.............
#..............
##..........#..
######...>..........
#hh@hh.##...######..
#.########.##### ##.
#..............# ##
#.########.....#
#.......#####..#
#.#####.# #..# #.#
#.# #..# #.# #.#
#..# #.# ##h#####..#


You could see a polar bear (berserk) and 3 black bears.

Vanquished Creatures
  Edmund (D:6)
  A water moccasin (D:6)
  An orc warrior (D:7)
  2 ice beasts
  2 ogres
  A centaur (D:6)
  A phantom (D:6)
  3 bullfrogs (D:6)
  2 necrophages
  A scorpion (D:4)
  A hound (D:6)
  4 iguanas
  A jelly (D:6)
  2 orc wizards
  6 adders
  A white imp (D:6)
  3 ufetubi
  2 worms
  2 dart slugs
  8 orcs
  6 ball pythons
  13 endoplasms
  A giant cockroach (D:2)
  2 goblins
  6 hobgoblins
  2 jackals (D:4)
  5 kobolds
  4 quokkas
  5 bats
  4 frilled lizards
  6 rats
99 creatures vanquished.

Vanquished Creatures (others)
  5 fungi (D:2)
5 creatures vanquished.

Grand Total: 104 creatures vanquished

Notes
Turn   | Place    | Note
-------+----------+-------------------------------------------
     0 | D:1      | fantasyman the Minotaur Fighter began the quest for the
                  | Orb.
     0 | D:1      | Reached XP level 1. HP: 19/19 MP: 0/0
   288 | D:1      | Reached XP level 2. HP: 26/26 MP: 1/1
   291 | D:1      | Found a faded altar of an unknown god.
   586 | D:1      | Reached skill level 1 in Maces & Flails
   777 | D:2      | Reached XP level 3. HP: 31/31 MP: 2/2
   863 | D:2      | Reached skill level 1 in Polearms
   863 | D:2      | Reached skill level 1 in Dodging
  1862 | D:2      | Reached XP level 4. HP: 39/39 MP: 3/3
  2450 | D:4      | Noticed an ogre
  2469 | D:4      | Killed an ogre
  2470 | D:4      | Reached skill level 1 in Stealth
  2470 | D:4      | Reached skill level 1 in Unarmed Combat
  2470 | D:4      | Reached XP level 5. HP: 16/45 MP: 4/4
  2910 | D:4      | Reached skill level 5 in Axes
  3271 | D:4      | Found a radiant altar of Vehumet.
  3282 | D:4      | Reached XP level 6. HP: 42/52 MP: 6/6
  3602 | D:5      | Entered Level 5 of the Dungeon
  3686 | D:5      | Reached skill level 4 in Armour
  3785 | D:5      | Found a bloodstained altar of Trog.
  3787 | D:5      | Found a glowing silver altar of Zin.
  3927 | D:5      | Found a stormy altar of Qazlal.
  4065 | D:5      | Found Anedgh's General Store.
  4313 | D:5      | Found a broken altar of Ashenzari.
  4315 | D:5      | Found a sparkling altar of Nemelex Xobeh.
  4317 | D:5      | Found a hide-covered altar of Uskayaw.
  4317 | D:5      | Found a shimmering blue altar of Sif Muna.
  4318 | D:5      | Found a sacrificial altar of Ru.
  4320 | D:5      | Found a hazy altar of Hepliaklqana.
  4324 | D:5      | Found a burning altar of Makhleb.
  4325 | D:5      | Found an iron altar of Okawaru.
  4400 | D:5      | Became a worshipper of Zin the Law-Giver
  4400 | D:5      | Reached * piety under Zin
  4497 | D:6      | Reached skill level 5 in Armour
  4497 | D:6      | Reached XP level 7. HP: 59/59 MP: 7/7
  4600 | D:6      | Found a shadowy altar of Dithmenos.
  4662 | D:6      | Reached skill level 6 in Armour
  4754 | D:6      | Reached skill level 5 in Fighting
  4754 | D:6      | Reached skill level 7 in Armour
  4754 | D:6      | Reached skill level 5 in Shields
  4759 | D:6      | Reached XP level 8. HP: 19/68 MP: 8/8
  5176 | D:6      | Identified the +1 robe of Wasted Space {rElec rC++ Regen+
                  | Dex-5}
  5228 | D:6      | Noticed Edmund
  5235 | D:6      | Killed Edmund
  5251 | D:6      | Identified the +8 short sword of the Blessed Realm {vamp,
                  | Will+}
  5585 | D:5      | Fell from the grace of Zin
  5585 | D:5      | Became a worshipper of Trog the Wrathful
  6308 | D:7      | Reached skill level 1 in Short Blades
  6308 | D:7      | Reached skill level 8 in Armour
  6378 | D:7      | Found a staircase to the Ecumenical Temple.
  6416 | Temple   | Entered the Ecumenical Temple
  6428 | Temple   | Fell from the grace of Trog
  6428 | Temple   | Became a worshipper of the Shining One
  6470 | D:7      | Reached skill level 1 in Ranged Weapons
  6470 | D:7      | Reached skill level 1 in Throwing
  6513 | D:7      | Noticed a polar bear
  6513 | D:7      | Noticed a polar bear
  6513 | D:7      | Noticed a polar bear
  6573 | D:7      | Noticed a polar bear
  6579 | D:7      | Slain by a polar bear

Illustrated notes

Levels and vault maps discovered:
D:1:      dpeg_arrival_boxorama, layout_loops_ring,
          chequers_ecumenical_altar_simple, minmay_liquid_box
D:2:      layout_loops_cross, dreamdust_mushroom_princess,
          nicolae_underground_beach
D:3:      layout_basic
D:4:      layout_rooms, nicolae_vehumet_radiance, minmay_statues_item,
          minmay_diced_spiral
D:5:      layout_rooms, nicolae_overflow_hallway_of_the_gods, serial_shops,
          nicolae_shop_hallway_plus, nicolae_figureground_sparkle
D:6:      layout_basic, lemuel_doored_altar, uniq_edmund
D:7:      layout_loops_ring, old_standard_altar, minmay_temple_entry_wispy,
          minmay_misc_feat_tower, minmay_fractal_squares_gapless_5
Temple:   hellmonk_temple_micro_hex

Skill      XL: |  1  2  3  4  5  6  7  8 |
---------------+-------------------------+-----
Axes           | 3 4 5 |  5.7
Maces & Flails | 1 2 |  2.1
Polearms       | 1 2 |  2.0
Dodging        | 1 2 |  2.3
Stealth        | 1 |  1.9
Unarmed Combat | 1 |  1.4
Armour         | 5 7 8 |  8.0
Fighting       | 4 5 |  5.9
Shields        | 4 5 |  5.6
Short Blades   | 1 |  1.1
Ranged Weapons | 1 |  1.7
Throwing       | 1 |  1.5
Spellcasting   | |  0.7

Action                   |  1- 3 |  4- 6 |  7- 9 || total
-------------------------+-------+-------+-------++-------
Melee: War axe           |    61 |    68 |    45 ||   174
       Headbutt          |     9 |    12 |    14 ||    35
       Short sword       |       |       |    24 ||    24
  Use: Scroll            |     6 |     8 |     6 ||    20
       Potion            |     2 |     1 |     6 ||     9
 Stab: Sleeping          |       |       |     1 ||     1
Armor: Scale mail        |    20 |    15 |       ||    35
       Chain mail        |       |    11 |       ||    11
       Ring mail         |       |     5 |    55 ||    60
Dodge: Dodged            |    28 |    27 |    48 ||   103
Block: Buckler           |    16 |    15 |    25 ||    56
